 Dungeon Crawl Stone Soup version 0.29-a0-561-ga02bf68b3c (webtiles) character file.

Game seed: 15213075210265974272

3 KristoblXynda the Ducker (level 1, 0/16 HPs)
             Began as a Demonspawn Gladiator on June 11, 2022.
             Slain by a hobgoblin (3 damage)
             ... on level 1 of the Dungeon.
             The game lasted 00:00:06 (71 turns).

KristoblXynda the Ducker (Demonspawn Gladiator)       Turns: 71, Time: 00:00:07

Health: 0/16       AC:  4    Str: 14    XL:     1   Next: 41%
Magic:  1/1        EV: 12    Int:  9    God:
Gold:   0          SH:  0    Dex: 14    Spells: 0/0 levels left

rFire   . . .      SeeInvis .   a - +0 long sword
rCold   . . .      Faith    .   (no shield)
rNeg    . . .      Spirit   .   b - +0 leather armour
rPois   .          Reflect  .   c - +0 helmet
rElec   .          Harm     .   (no cloak)
rCorr   .          Rampage  .   (no gloves)
Will    .....                   (no boots)
Stlth   +.........              (no amulet)
HPRegen 0.05/turn               (no ring)
MPRegen 0.07/turn               (no ring)

@: no status effects
A: no striking features
a: no special abilities


You were on level 1 of the Dungeon.
You visited 1 branch of the dungeon, and saw 1 of its levels.

Inventory:

Hand Weapons
 a - a +0 long sword (weapon)
Missiles
 d - 3 throwing nets (quivered)
 e - a javelin
Armour
 b - a +0 leather armour (worn)
 c - a +0 helmet (worn)
Scrolls
 f - a scroll of fear {unknown}


   Skills:
 + Level 2.0 Fighting
 + Level 2.7 Long Blades
 + Level 1.8 Throwing
 + Level 2.7 Dodging


You couldn't memorise any spells.
You didn't know any spells.
Your spell library was empty.

Dungeon Overview and Level Annotations

Branches:
Dungeon (1/15)

Altars:


Message History

You are frozen.
You barely miss the endoplasm.
The endoplasm is heavily wounded.
The endoplasm hits you but does no damage.
You slash the endoplasm!
You kill the endoplasm!
The hobgoblin hits you but does no damage.
The hobgoblin closely misses you.
You barely miss the hobgoblin. The hobgoblin hits you.
You hit the hobgoblin but do no damage. The hobgoblin misses you.
You barely miss the hobgoblin. The rat bites you but does no damage.
The hobgoblin hits you but does no damage.
You barely miss the hobgoblin. The rat bites you but does no damage.
The goblin misses you. The hobgoblin closely misses you.
The goblin hits you but does no damage. The rat bites you.
The hobgoblin hits you.
You are too injured to fight recklessly!
You are too injured to fight recklessly!
You are too injured to fight recklessly!
You are too injured to fight recklessly!
You are too injured to fight recklessly!
You are too injured to fight recklessly!
You are too injured to fight recklessly!
There are monsters nearby!
There are monsters nearby!
Unknown command.
The rat attacks as you move away! The rat bites you.
* * * LOW HITPOINT WARNING * * *
The rat attacks as you move away! The rat bites you but does no damage.
The goblin attacks as you move away!
The goblin hits you with a +1 dagger of speed.
* * * LOW HITPOINT WARNING * * *
You are too injured to fight recklessly!
You slash the goblin!
You kill the goblin!
You hit the rat.
You kill the rat!
You closely miss the hobgoblin. The hobgoblin barely misses you.
The hobgoblin hits you.
You die...

........##
#.......#
#......#
#......#
#.....?#
#......#
#.)....#
######.####
#.g@.#
####.###
#...# ###.#
#.#.# #.#.#
#.#.#
######'#.#
#........#


You could see a hobgoblin.

Vanquished Creatures
  An endoplasm (D:1)
  A goblin (D:1)
  A kobold (D:1)
  A rat (D:1)
4 creatures vanquished.

Notes
Turn   | Place    | Note
-------+----------+-------------------------------------------
     0 | D:1      | KristoblXynda the Demonspawn Gladiator began the quest for
                  | the Orb.
     0 | D:1      | Reached XP level 1. HP: 16/16 MP: 1/1
    71 | D:1      | Slain by a hobgoblin

Illustrated notes

Levels and vault maps discovered:
D:1:      wander_arrival_chamber, layout_basic, kennysheep_small_spiral

Action                   || total
-------------------------++-------
Melee: Long sword        ||    11
Armor: Leather armour    ||     7
Dodge: Dodged            ||     5

Table legend: (Time is in decaauts)
 A = Elapsed time spent in this place.
 B = Non-inter-level travel time spent in this place.
 C = Inter-level travel time spent in this place.
 D = Time resting spent in this place.
 E = Time spent auto-exploring this place.
 F = Levels seen in this place.
 G = Mean time per level.
                   A        B        C        D        E       F      G
               +--------+--------+--------+--------+--------+-----+--------+
         Total |     73 |     73 |      0 |      0 |     52 |   1 |   73.0 |
       Dungeon |     73 |     73 |      0 |      0 |     52 |   1 |   73.0 |
               +--------+--------+--------+--------+--------+-----+--------+

Top non-repeatable levels by time:
     D:1: 73 daAuts
